 Dungeon Crawl Stone Soup version 0.29.1-1-gd02db6906a (webtiles) character file.

Game seed: 16095589981572553024

4160 juncz the Frost Mage (level 10, -3/72 (74) HPs)
             Began as a Gnoll Ice Elementalist on Sept 29, 2022.
             Slain by a vampire (11 damage)
             ... on level 8 of the Dungeon.
             The game lasted 00:28:51 (10886 turns).

juncz the Frost Mage (Gnoll Ice Elementalist)      Turns: 10886, Time: 00:28:52

HP:   -3/72 (74)    AC:  3    Str:  9    XL:     10   Next: 28%
MP:   15/21         EV: 14    Int: 18    God:
Gold: 389           SH:  0    Dex: 12    Spells: 15/23 levels left

rFire   x . .      SeeInvis +   K - +5 hand axe of Harmony {vorpal, rN+}
rCold   + . .      Faith    .   (no shield)
rNeg    + . .      Spirit   .   a - +0 robe
rPois   .          Reflect  .   c - +0 helmet
rElec   .          Harm     .   (no cloak)
rCorr   .          Rampage  .   (no gloves)
Will    .....                   (no boots)
Stlth   +++.......              (no amulet)
HPRegen 0.22/turn               k - ring of see invisible
MPRegen 0.17/turn               A - ring of ice

@: lightly drained
A: fangs 1, strong nose, distributed training
a: no special abilities


You were on level 8 of the Dungeon.
You visited 2 branches of the dungeon, and saw 9 of its levels.

You collected 389 gold pieces.

Inventory:

Hand Weapons
 g - a +0 whip
 j - a +1 dagger of holy wrath
 s - a +1 dagger of electrocution
 t - a +6 dagger
 y - the +3 mace of the Original Sin {chaos, Fly}
   (You found it on level 3 of the Dungeon)

   Each time it hits an enemy it has a different, random effect.
   Fly:       It grants you flight.
 K - the +5 hand axe of Harmony (weapon) {vorpal, rN+}
   (You took it off a gnoll on level 7 of the Dungeon)

   It inflicts extra damage upon your enemies.
   rN:        It protects you from negative energy.
Missiles
 h - 46 stones (quivered)
Armour
 a - a +0 robe (worn)
 c - a +0 helmet (worn)
Magical Staves
 z - a staff of earth
Jewellery
 k - a ring of see invisible (left hand)
 A - a ring of ice (right hand)
Wands
 B - a wand of charming (9)
 H - a wand of polymorph (7)
 J - a wand of mindburst (4)
Scrolls
 d - 3 scrolls of blinking
 e - 4 scrolls of enchant weapon
 f - 5 scrolls of teleportation
 l - 2 scrolls of enchant armour
 m - 2 scrolls of magic mapping
 n - 2 scrolls of fog
 q - 2 scrolls of brand weapon
 u - a scroll of vulnerability
 v - a scroll of poison
 w - a scroll of summoning
 F - a scroll of immolation {unknown}
 I - a scroll of amnesia {unknown}
Potions
 b - 3 potions of magic
 i - a potion of flight {unknown}
 o - 2 potions of haste {unknown}
 p - 5 potions of curing {unknown}
 r - a potion of brilliance {unknown}
 x - a potion of ambrosia {unknown}
 C - a potion of berserk rage {unknown}
 D - a potion of degeneration {unknown}
 E - a potion of heal wounds {unknown}
 G - 2 potions of mutation {unknown}
 L - a potion of cancellation {unknown}


   Skills:
 + Level 5.3 Fighting
 + Level 5.3 Short Blades
 + Level 5.3 Long Blades
 + Level 5.3 Axes
 + Level 5.3 Maces & Flails
 + Level 5.3 Polearms
 + Level 5.3 Staves
 + Level 5.3 Ranged Weapons
 + Level 5.3 Throwing
 + Level 5.3 Armour
 + Level 7.1 Dodging
 + Level 6.8 Stealth
 + Level 5.3 Shields
 + Level 5.3 Unarmed Combat
 + Level 7.4 Spellcasting
 + Level 4.4 Conjurations
 + Level 4.4 Hexes
 + Level 4.4 Summonings
 + Level 4.4 Necromancy
 + Level 4.4 Translocations
 + Level 4.4 Transmutations
 + Level 4.4 Fire Magic
 + Level 8.4 Ice Magic
 + Level 4.4 Air Magic
 + Level 4.4 Earth Magic
 + Level 4.4 Poison Magic
 + Level 5.8 Invocations
 + Level 5.3 Evocations


You had 15 spell levels left.
You knew the following spells:

 Your Spells              Type           Power      Damage    Failure   Level
a - Freeze                Ice            100%       1d11      1%          1
b - Frozen Ramparts       Ice            100%       1d16      1%          3
c - Ozocubu's Armour      Ice            54%        N/A       1%          3
d - Foxfire               Conj/Fire      88%        2x1d8     1%          1

Your spell library contained the following spells:

 Spells                   Type           Power      Damage    Failure   Level
 Apportation              Tloc           44%        N/A       1%          1
 Beastly Appendage        Tmut           44%        N/A       1%          1
 Necrotise                Necr           88%        1d8       1%          1
 Summon Small Mammal      Summ           88%        N/A       1%          1
 Ensorcelled Hibernation  Hex/Ice        88%        N/A       1%          2
 Passwall                 Tmut/Erth      18%        N/A       2%          2
 Static Discharge         Conj/Air       22%        3-6/arc   2%          2
 Wereblood                Tmut           22%        N/A       2%          2
 Spider Form              Tmut/Pois      22%        N/A       4%          3
 Swiftness                Air            22%        N/A       4%          3
 Hailstorm                Conj/Ice       44%        3d10      8%          4
 Corpse Rot               Necr/Pois/Air  22%        N/A       17%         4
 Dispel Undead            Necr           22%        3d12      17%         4
 Sticky Flame             Conj/Fire      22%        2d4       17%         4
 Fireball                 Conj/Fire      11%        3d7       43%         5
 Death Channel            Necr           11%        N/A       95%         6
 Starburst                Conj/Fire      11%        6d5       95%         6
 Ozocubu's Refrigeration  Ice            27%        4d13      95%         7
 Ignition                 Fire           11%        3d5       100%        8


Dungeon Overview and Level Annotations

Branches:
Dungeon (8/15)             Temple (1/1) D:4
   Lair: D:8-11

Altars:
Cheibriados
Elyvilon
Fedhas
Gozag
Hepliaklqana
Makhleb
Nemelex Xobeh
Okawaru
Qazlal
Ru
Sif Muna
Trog
Uskayaw
Vehumet
Wu Jian
Xom
Yredelemnul
Zin
The Shining One
Lugonu


Innate Abilities, Weirdness & Mutations

You have very sharp teeth.
Your uncanny sense of smell can sniff out nearby items.
Your experience applies equally to all skills.


Message History

The vampire is severely damaged.
The vampire closely misses you. The vampire misses you.
Casting: Foxfire (safe; 1% risk of failure)
Confirm with . or Enter, or press ? or * to list all spells.
You conjure some foxfire!
The vampire hits you! The vampire bites you.
* * * LOW HITPOINT WARNING * * *
The vampire draws strength from your injuries!
You barely miss the vampire.
The vampire is severely damaged.
The foxfire hits the vampire but does no damage.
The vampire is severely damaged.
The foxfire hits the vampire but does no damage.
The vampire is severely damaged.
The vampire casts a spell.
The vampire flickers and vanishes for a moment.
Casting: Foxfire (safe; 1% risk of failure)
Confirm with . or Enter, or press ? or * to list all spells.
You conjure some foxfire!
The vampire misses you.
The vampire bites you but does no damage.
You hit the vampire but do no damage.
The vampire is severely damaged.
The foxfire hits the vampire.
The vampire is severely damaged.
The foxfire hits the vampire but does no damage.
The vampire is severely damaged.
The vampire barely misses you. The vampire bites you!
* * * LOW HITPOINT WARNING * * *
The vampire draws strength from your injuries!
Casting: Foxfire (safe; 1% risk of failure)
Confirm with . or Enter, or press ? or * to list all spells.
You conjure some foxfire!
The vampire closely misses you. The vampire barely misses you.
You hit the vampire but do no damage.
The vampire is severely damaged.
The foxfire hits the vampire but does no damage.
The vampire is severely damaged.
The foxfire hits the vampire but does no damage.
The vampire is severely damaged.
The vampire hits you!
You die...

#........#.##.#......#..........
#........#.##.#......##'#####...
#....[)..'.......##..##)# #...
#......W.####...###..##.# #...
########.#...>..........# #...
#V######.#############...
..V.........##............#####
............##..)....)..).#
............##@V..........#
#.......$...##.#####......#
#...........##.# #......#
#...........##.# #......#
##############.# #......# #.#
######## #.# #.# #.#


You could see a vampire (invisible).

Vanquished Creatures
  Maggie (D:6)
  A hornet (D:7)
  A wyvern (D:8)
  A steam dragon (D:6)
  Edmund (D:4)
  A water moccasin (D:6)
  2 ice beasts
  A sky beast (D:6)
  3 ogres
  2 centaurs
  3 phantoms
  A gnoll sergeant (D:7)
  4 bullfrogs
  A necrophage (D:6)
  A scorpion (D:6)
  2 water moccasin zombies (D:6)
  11 wights
  5 howler monkeys
  2 centaur zombies (D:6)
  5 orc priests
  A gnoll bouda (D:6)
  A jelly (D:6)
  Ijyb (D:4)
  Natasha (twice) (D:3)
  2 iguanas
  3 orc wizards
  2 killer bee zombies (D:6)
  14 adders
  17 gnolls
  A white imp (D:6)
  An ufetubus (D:5)
  A worm (D:5)
  4 dart slugs
  23 orcs
  12 ball pythons
  5 endoplasms
  9 giant cockroaches
  10 goblins
  4 hobgoblins
  12 jackals
  8 quokkas
  4 bats
  A frilled lizard (D:2)
  14 kobolds
  8 rats
  A butterfly (D:4)
210 creatures vanquished.

Vanquished Creatures (others)
  61 foxfires (D:8)
61 creatures vanquished.

Grand Total: 271 creatures vanquished

Notes
Turn   | Place    | Note
-------+----------+-------------------------------------------
     0 | D:1      | juncz the Gnoll Ice Elementalist began the quest for the
                  | Orb.
     0 | D:1      | Reached XP level 1. HP: 13/13 MP: 6/6
   152 | D:1      | Reached XP level 2. HP: 19/19 MP: 4/7
   573 | D:1      | Reached skill level 5 in Spellcasting
   573 | D:1      | Reached XP level 3. HP: 25/25 MP: 5/9
   577 | D:1      | Learned a level 3 spell: Frozen Ramparts
   581 | D:1      | Learned a level 3 spell: Ozocubu's Armour
   830 | D:1      | Reached skill level 1 in Invocations
  1322 | D:2      | Reached skill level 1 in Fighting
  1322 | D:2      | Reached skill level 1 in Short Blades
  1322 | D:2      | Reached skill level 1 in Long Blades
  1322 | D:2      | Reached skill level 1 in Axes
  1322 | D:2      | Reached skill level 1 in Maces & Flails
  1322 | D:2      | Reached skill level 1 in Polearms
  1322 | D:2      | Reached skill level 1 in Staves
  1322 | D:2      | Reached skill level 1 in Ranged Weapons
  1322 | D:2      | Reached skill level 1 in Throwing
  1322 | D:2      | Reached skill level 1 in Armour
  1322 | D:2      | Reached skill level 1 in Shields
  1322 | D:2      | Reached skill level 1 in Unarmed Combat
  1322 | D:2      | Reached skill level 1 in Evocations
  1418 | D:2      | Reached XP level 4. HP: 23/32 MP: 4/11
  1423 | D:2      | Reached skill level 1 in Conjurations
  1423 | D:2      | Reached skill level 1 in Hexes
  1423 | D:2      | Reached skill level 1 in Summonings
  1423 | D:2      | Reached skill level 1 in Necromancy
  1423 | D:2      | Reached skill level 1 in Translocations
  1423 | D:2      | Reached skill level 1 in Transmutations
  1423 | D:2      | Reached skill level 1 in Fire Magic
  1423 | D:2      | Reached skill level 1 in Air Magic
  1423 | D:2      | Reached skill level 1 in Earth Magic
  1423 | D:2      | Reached skill level 1 in Poison Magic
  2059 | D:2      | Reached XP level 5. HP: 37/37 MP: 10/12
  2789 | D:3      | Noticed an ogre
  2795 | D:3      | Killed an ogre
  2796 | D:3      | Reached skill level 5 in Dodging
  2796 | D:3      | Reached XP level 6. HP: 39/44 MP: 3/14
  2925 | D:3      | Noticed Natasha
  2934 | D:3      | Killed Natasha
  3494 | D:3      | Noticed Natasha
  3498 | D:3      | Killed Natasha
  3550 | D:3      | Identified the +3 mace of the Original Sin {chaos, Fly}
  3861 | D:4      | Found a bloodstained altar of Trog.
  4015 | D:4      | Found a staircase to the Ecumenical Temple.
  4019 | D:4      | Noticed Edmund
  4034 | D:4      | Killed Edmund
  4035 | D:4      | Reached XP level 7. HP: 37/51 MP: 3/15
  4042 | Temple   | Entered the Ecumenical Temple
  4191 | D:4      | Reached skill level 5 in Stealth
  4616 | D:4      | Noticed Ijyb
  4627 | D:4      | Killed Ijyb
  5199 | D:5      | Entered Level 5 of the Dungeon
  5223 | D:5      | Reached XP level 8. HP: 52/58 MP: 7/16
  5289 | D:5      | Found a blossoming altar of Fedhas.
  5992 | D:5      | Found an iron altar of Okawaru.
  5992 | D:5      | Found a sacrificial altar of Ru.
  5997 | D:5      | Found a radiant altar of Vehumet.
  6000 | D:5      | Found a stormy altar of Qazlal.
  6002 | D:5      | Found an opulent altar of Gozag.
  6007 | D:5      | Found a hazy altar of Hepliaklqana.
  6670 | D:6      | Noticed Maggie
  6687 | D:6      | Killed Maggie
  6810 | D:6      | Reached XP level 9. HP: 43/65 MP: 11/18
  7287 | D:6      | Reached skill level 8 in Ice Magic
  8078 | D:6      | Reached skill level 5 in Invocations
  8115 | D:6      | Found a basalt altar of Yredelemnul.
  8760 | D:7      | Found a white marble altar of Elyvilon.
  8782 | D:7      | Found a sparkling altar of Nemelex Xobeh.
  8839 | D:7      | Noticed a hornet
  8844 | D:7      | Paralysed by a hornet for 2 turns
  8846 | D:7      | Killed a hornet
  9068 | D:7      | Reached skill level 5 in Fighting
  9068 | D:7      | Reached skill level 5 in Short Blades
  9068 | D:7      | Reached skill level 5 in Long Blades
  9068 | D:7      | Reached skill level 5 in Axes
  9068 | D:7      | Reached skill level 5 in Maces & Flails
  9068 | D:7      | Reached skill level 5 in Polearms
  9068 | D:7      | Reached skill level 5 in Staves
  9068 | D:7      | Reached skill level 5 in Ranged Weapons
  9068 | D:7      | Reached skill level 5 in Throwing
  9068 | D:7      | Reached skill level 5 in Armour
  9068 | D:7      | Reached skill level 5 in Shields
  9068 | D:7      | Reached skill level 5 in Unarmed Combat
  9068 | D:7      | Reached skill level 5 in Evocations
  9068 | D:7      | Reached XP level 10. HP: 72/74 MP: 17/20
  9134 | D:7      | Identified the +5 hand axe of Harmony {vorpal, rN+}
 10192 | D:8      | Got First Steps in Witchcraft
 10195 | D:8      | Learned a level 1 spell: Foxfire
 10886 | D:8      | Slain by a vampire

Illustrated notes

Levels and vault maps discovered:
D:1:      nicolae_arrival_washed_ashore, layout_basic, minmay_door_square,
          minmay_worlds_worst_comb
D:2:      layout_basic, minmay_snake_closets
D:3:      minmay_chambers_of_threes, layout_basic, uniq_natasha
D:4:      layout_loops_corners, nicolae_overflow_crystal_walls,
          minmay_temple_entry_butterflies, uniq_edmund, uniq_ijyb
D:5:      layout_cave_pools, mainiacjoe_overflow_paths,
          nicolae_overflow_hallway_of_the_gods, minivault_19
D:6:      layout_basic, nicolae_yredelemnul_corpse_copse, serial_rivers,
          chequers_serial_rivers_micro_d, chequers_serial_rivers_small_3,
          chequers_serial_rivers_large_b, chequers_serial_rivers_small_b,
          chequers_serial_rivers_micro_a, uniq_maggie
D:7:      layout_loops_cross, mainiacjoe_overflow_brackets, elyvilon_altar_1,
          minivault_24, hangedman_decor_growths
D:8:      layout_basic, lemuel_crystal_altar, minmay_manual_mail
Temple:   corrupted_temple

Skill      XL: |  1  2  3  4  5  6  7  8  9 10 |
---------------+-------------------------------+-----
Spellcasting   | 5 6 7 |  7.4
Invocations    | 1 2 3 4 5 |  5.8
Fighting       | 1 2 3 5 |  5.3
Short Blades   | 1 2 3 5 |  5.3
Long Blades    | 1 2 3 5 |  5.3
Axes           | 1 2 3 5 |  5.3
Maces & Flails | 1 2 3 5 |  5.3
Polearms       | 1 2 3 5 |  5.3
Staves         | 1 2 3 5 |  5.3
Ranged Weapons | 1 2 3 5 |  5.3
Throwing       | 1 2 3 5 |  5.3
Armour         | 1 2 3 5 |  5.3
Shields        | 1 2 3 5 |  5.3
Unarmed Combat | 1 2 3 5 |  5.3
Evocations     | 1 2 3 5 |  5.3
Conjurations   | 1 2 3 4 |  4.4
Hexes          | 1 2 3 4 |  4.4
Summonings     | 1 2 3 4 |  4.4
Necromancy     | 1 2 3 4 |  4.4
Translocations | 1 2 3 4 |  4.4
Transmutations | 1 2 3 4 |  4.4
Fire Magic     | 1 2 3 4 |  4.4
Air Magic      | 1 2 3 4 |  4.4
Earth Magic    | 1 2 3 4 |  4.4
Poison Magic   | 1 2 3 4 |  4.4
Dodging        | 5 6 7 |  7.1
Stealth        | 5 6 |  6.8
Ice Magic      | 8 |  8.4

Action                   |  1- 3 |  4- 6 |  7- 9 | 10-12 || total
-------------------------+-------+-------+-------+-------++-------
Melee: Dagger            |     2 |     7 |       |       ||     9
       Bite              |     1 |       |    17 |     4 ||    22
       Mace              |       |       |   127 |       ||   127
       Punch             |       |       |     6 |       ||     6
       Hand axe          |       |       |       |    18 ||    18
Throw: Stone             |       |     1 |    20 |    10 ||    31
 Cast: Freeze            |    55 |    54 |    60 |    14 ||   183
       Frozen Ramparts   |     2 |     9 |    39 |    13 ||    63
       Ozocubu's Armour  |       |     2 |    21 |     9 ||    32
       Foxfire           |       |       |       |    38 ||    38
Evoke: Wand              |       |       |    21 |       ||    21
  Use: Scroll            |       |       |     7 |     5 ||    12
 Stab: Sleeping          |       |     3 |     3 |       ||     6
       Confused          |       |       |     2 |       ||     2
       Petrifying        |       |       |     2 |       ||     2
       Petrified         |       |       |     1 |       ||     1
       Paralysed         |       |       |     1 |       ||     1
Armor: Robe              |     7 |     7 |    57 |    12 ||    83
Dodge: Dodged            |    21 |    23 |   152 |    33 ||   229
